 Dungeon Sprint DCSS version 0.18.1-6-gd335043 (webtiles) character file.

1015 Hipnos the Jinx (level 8, -5/56 HPs)
             Began as a Demonspawn Enchanter on May 19, 2016.
             Was a Believer of Sif Muna.
             Slain by a deep troll (10 damage)
             ... in the Dungeon (Sprint I: "Red Sonja").
             The game lasted 00:02:47 (736 turns).

Hipnos the Jinx (Demonspawn Enchanter)               Turns: 736, Time: 00:02:47

Health: -5/56      AC:  3    Str:  8    XL:     8   Next: 1%
Magic:  15/18      EV: 14    Int: 20    God:    Sif Muna [**....]
Gold:   405        SH:  0    Dex: 13    Spells: 2 memorised, 17 levels left

rFire  . . .     SeeInvis .     k - +0 dagger (distort)
rCold  . . .     Gourm    .     b - +1 robe
rNeg   . . .     Faith    .     (no shield)
rPois  .         Spirit   .     (helmet restricted)
rElec  .         Dismiss  .     (no cloak)
rCorr  .         Reflect  .     (no gloves)
SustAt .         Harm     .     (no boots)
MR     .....     NoTele   +     (no amulet)
Stlth  +++++.....               (no ring)
                                (no ring)

@: not resistant to hostile enchantments, quite stealthy
A: antennae 1, powered by death 1, rot immunity, sturdy frame 1
a: Channel Energy, Renounce Religion


You were in the Dungeon.
You worshipped Sif Muna.
Sif Muna was pleased with you.
You were not hungry.

You visited 1 branch You collected 405 gold pieces.

Inventory:

Hand Weapons
 a - a +1 dagger
 k - a +0 dagger of distortion (weapon)
Armour
 b - a +1 robe (worn)
Wands
 i - a wand of random effects (8/48)
Scrolls
 j - a scroll of blinking
 m - a scroll of identify {unknown}
Potions
 e - a potion of curing
 f - a potion of heal wounds
 g - a potion of haste
 h - 2 potions of magic
 l - a potion of lignification {unknown}
Books
 c - a book of Maledictions

   Spells                             Type                      Level
   a - Corona                         Hexes                        1
   b - Ensorcelled Hibernation        Hexes/Ice                    2
   c - Confuse                        Hexes                        3
   d - Tukima's Dance                 Hexes                        3
   e - Dazzling Spray                 Conjuration/Hexes            3
Comestibles
 d - a bread ration


   Skills:
 + Level 2.0 Fighting
 + Level 2.7 Short Blades
 + Level 4.5 Dodging
 * Level 10.7 Stealth
 * Level 6.9 Spellcasting
 * Level 10.9 Hexes


You had 17 spell levels left.
You knew the following spells:

 Your Spells              Type           Power        Failure   Level  Hunger
a - Corona                Hex            ######.      1%          1    None
b - Ensorcelled Hibernat  Hex/Ice        ####..       1%          2    None


Dungeon Overview and Level Annotations

Branches:
Dungeon (1/1)

Altars:
Elyvilon
Gozag
Kikubaaqudgha
Makhleb
Nemelex Xobeh
Okawaru
Pakellas
Qazlal
Ru
Sif Muna
Trog
Vehumet
Xom
Yredelemnul
Zin
The Shining One

Shops:
D [


Innate Abilities, Weirdness & Mutations

You have a pair of small antennae on your head.
You regenerate a little health from kills.
You are immune to rotting.
Your movements are slightly less encumbered by armour (ER -2).


Message History

HP restored.
You open the door.
A deep troll comes into view.
Found 108 gold pieces.
There is an open door here.
You see here 27 gold pieces.
The deep troll shouts!
The deep troll bites you! The deep troll claws you! The deep troll misses you.
You see here 27 gold pieces.
You barely miss the deep troll. The deep troll bites you.
The deep troll closely misses you. The deep troll claws you!
Casting: Ensorcelled Hibernation
Confirm with . or Enter, or press ? or * to list all spells.
Aiming: Ensorcelled Hibernation
Press: ? - help, Shift-Dir - straight line, f - deep troll
Aim: a deep troll (chance to defeat MR: 39%)
The deep troll easily resists.
The deep troll bites you!
* * * LOW HITPOINT WARNING * * *
The deep troll claws you!
You die...

#..#####'#####'#
#..####..#...#.#
#..#__####..##.#
#..#_.___##'#..+
#⌠⌠#_.∩...'..._#
####_..._##_.#'#
#_____###'#(#
#########.####+###
+...'$@T$$+
#.).####### ##.##
#+#


You could see a deep troll.

Vanquished Creatures
  Sonja (D)
  Sigmund (D)
  A yak (D)
  An ogre (D)
  A jelly (D)
  Ijyb (D)
6 creatures vanquished.

Vanquished Creatures (others)
  A gargoyle (D)
1 creature vanquished.

Grand Total: 7 creatures vanquished

Notes
Turn   | Place    | Note
--------------------------------------------------------------
     0 | D        | Hipnos the Demonspawn Enchanter began the quest for the Orb.
     0 | D        | Reached XP level 1. HP: 13/13 MP: 3/3
     1 | D        | Noticed Ijyb
    13 | D        | Killed Ijyb
    13 | D        | Reached skill level 1 in Short Blades
    13 | D        | Gained mutation: Your movements are slightly less encumbered by armour (ER -2). [demonic ancestry]
    13 | D        | Reached XP level 2. HP: 15/19 MP: 3/5
   146 | D        | Learned a level 2 spell: Ensorcelled Hibernation
   147 | D        | Noticed an ogre
   152 | D        | Killed an ogre
   152 | D        | Gained mutation: You have a pair of small antennae on your head. [demonic ancestry]
   152 | D        | Reached XP level 3. HP: 3/25 MP: 4/8
   152 | D        | Reached XP level 4. HP: 4/31 MP: 4/9
   422 | D        | Noticed Sigmund
   450 | D        | Killed Sigmund
   450 | D        | Reached skill level 1 in Fighting
   450 | D        | Gained mutation: You regenerate a little health from kills. [demonic ancestry]
   450 | D        | Reached XP level 5. HP: 16/37 MP: 8/12
   450 | D        | Reached XP level 6. HP: 19/43 MP: 8/13
   633 | D        | Found a deep blue altar of Sif Muna.
   635 | D        | Found a radiant altar of Vehumet.
   639 | D        | Became a worshipper of Sif Muna the Loreminder
   671 | D        | Killed a gargoyle
   673 | D        | Found Kehon's Armour Emporium.
   673 | D        | Found a white marble altar of Elyvilon.
   673 | D        | Found a stormy altar of Qazlal.
   673 | D        | Found a burning altar of Makhleb.
   673 | D        | Found a sacrificial altar of Ru.
   673 | D        | Found an oddly glowing altar of Pakellas.
   673 | D        | Found a basalt altar of Yredelemnul.
   673 | D        | Found a glowing golden altar of the Shining One.
   673 | D        | Found a sparkling altar of Nemelex Xobeh.
   673 | D        | Found a shimmering altar of Xom.
   673 | D        | Found an opulent altar of Gozag.
   673 | D        | Found an ancient bone altar of Kikubaaqudgha.
   673 | D        | Found a glowing silver altar of Zin.
   673 | D        | Noticed a yak
   677 | D        | Killed a yak
   677 | D        | Reached * piety under Sif Muna
   677 | D        | Reached skill level 5 in Spellcasting
   678 | D        | Found an iron altar of Okawaru.
   679 | D        | Found a bloodstained altar of Trog.
   690 | D        | Noticed Sonja
   695 | D        | Killed Sonja
   695 | D        | Reached ** piety under Sif Muna
   695 | D        | Reached skill level 10 in Stealth
   695 | D        | Reached skill level 10 in Hexes
   695 | D        | Reached XP level 7. HP: 35/50 MP: 10/17
   695 | D        | Gained mutation: You are immune to rotting. [demonic ancestry]
   695 | D        | Reached XP level 8. HP: 39/56 MP: 10/18
   731 | D        | Noticed a deep troll
   736 | D        | Slain by a deep troll

Skill      XL: |  1  2  3  4  5  6 |
---------------+-------------------+-----
Short Blades   | 1 2 |  2.7
Dodging        | 2 3 4 |  4.5
Stealth        | 4 6 8 10 | 10.7
Hexes          | 4 6 8 10 | 10.9
Spellcasting   | 3 4 6 |  6.9
Fighting       | 1 2 |  2.0

Action                   |  1- 3 |  4- 6 |  7- 9 || total
-------------------------+-------+-------+-------++-------
Melee: Dagger            |    11 |    23 |     1 ||    35
 Cast: Ensorcelled Hiber |     1 |     6 |     1 ||     8
  Use: Potion            |     1 |       |       ||     1
 Stab: Sleeping          |     3 |     4 |       ||     7
Armor: Robe              |       |     2 |       ||     2
Dodge: Dodged            |     4 |    12 |     2 ||    18
